 Dungeon Crawl Stone Soup version 0.21-a0-552-g593960d (webtiles) character file.

1028 Lasiace the Poker (level 8, -5/76 HPs)
             Began as a Naga Skald on Dec 16, 2017.
             Was an Initiate of Dithmenos.
             Slain by a slave (7 damage)
             ... led by Pikel
             ... on level 5 of the Dungeon on Dec 17, 2017.
             The game lasted 00:30:59 (7023 turns).

Lasiace the Poker (Naga Skald)                      Turns: 7023, Time: 00:31:00

Health: -5/76      AC:  7    Str: 13      XL:     8   Next: 23%
Magic:  7/11       EV:  8    Int: 14      God:    Dithmenos [......]
Gold:   251        SH:  0    Dex:  3 (13) Spells: 2/11 levels left

rFire    . . .     SeeInvis +   a - +0 trident
rCold    . . .     Gourm    .   (no shield)
rNeg     + . .     Faith    .   g - +2 ring mail {rPois}
rPois    +         Spirit   .   (no helmet)
rElec    .         Reflect  .   (no cloak)
rCorr    .         Harm     .   (no gloves)
MR       +....                  (no barding)
Stlth    ..........             (no amulet)
HPRegen  0.22/turn              I - ring of positive energy (curse)
MPRegen  0.12/turn              L - ring of flight (curse)

@: infused (expiring), heavily drained, very slow
A: large, see invisible, deformed body, poison resistance, slowness 2, slow
metabolism 1, spit poison 1, AC +2
a: Spit Poison, Renounce Religion, Evoke Flight


You were on level 5 of the Dungeon.
You worshipped Dithmenos.
Dithmenos was noncommittal.
You were hungry.

You visited 2 branches of the dungeon, and saw 6 of its levels.

You collected 251 gold pieces.

Inventory:

Hand Weapons
 a - a +0 trident (weapon)
 b - a +0 spear
Missiles
 i - a throwing net {=f !f @Q7 @f7}
 l - 113 stones (quivered) {@Q0 @f0}
 x - 4 javelins of returning
Armour
 g - a +2 ring mail of poison resistance (worn)
Jewellery
 I - a cursed ring of positive energy (left hand)
 L - a cursed ring of flight (right hand)
Wands
 r - a wand of enslavement (6)
 s - a wand of polymorph (4)
Scrolls
 c - 2 scrolls of noise {unknown}
 h - a scroll of teleportation {unknown}
 m - 4 scrolls of fog
 n - 2 scrolls of magic mapping {unknown}
 o - a scroll of remove curse {unknown}
 t - a scroll of random uselessness {unknown}
Potions
 e - a potion of mutation {!q}
 f - 2 potions of berserk rage {!q}
 k - a potion of brilliance
 p - a potion of agility
 u - 2 potions of curing {@q2}
 z - 2 potions of lignification {unknown}
 A - 2 potions of flight {unknown}
Books
 B - a book of Battle

   Spells                             Type                      Level
   a - Infusion                       Charms                       1
   b - Shroud of Golubria             Charms/Translocation         2
   c - Song of Slaying                Charms                       2
   d - Spectral Weapon                Hexes/Charms                 3
   e - Regeneration                   Charms/Necromancy            3
Comestibles
 d - a royal jelly
 j - 2 meat rations
 q - 3 fruits
 w - 2 bread rations


   Skills:
 - Level 6.0(4.7) Fighting
 - Level 6.0(4.6) Polearms
 - Level 0.7(0.0) Armour
 - Level 1.5(0.3) Dodging
 - Level 2.0(0.8) Spellcasting
 + Level 5.5(4.1) Charms


You had 2 spell levels left.
You knew the following spells:

 Your Spells              Type           Power        Failure   Level  Hunger
a - Infusion              Chrm           ##..         11%         1    ##.....
d - Spectral Weapon       Hex/Chrm       #.......     58%         3    ####...
g - Shroud of Golubria    Chrm/Tloc      #.........   36%         2    ###....
h - Regeneration          Chrm/Necr      #.........   58%         3    ####...


Dungeon Overview and Level Annotations

Branches:
Dungeon (5/15)             Temple (1/1) D:4

Altars:
Ashenzari
Cheibriados
Dithmenos
Elyvilon
Fedhas
Gozag
Hepliaklqana
Kikubaaqudgha
Makhleb
Nemelex Xobeh
Okawaru
Qazlal
Ru
Trog
Uskayaw
Vehumet
Wu Jian
Xom
Yredelemnul
Zin
The Shining One

Shops:
D:5 }

Annotations:
D:5 Pikel


Innate Abilities, Weirdness & Mutations

You cannot wear boots.
Your serpentine skin is tough. (AC +2)
You have supernaturally acute eyesight. (SInv)
Armour fits poorly on your strangely shaped body.
Your system is resistant to poisons. (rPois)
You cover ground very slowly.
You have a slow metabolism.
You can spit poison.


Message History

Pikel freezes you.
* * * LOW HITPOINT WARNING * * *
The slave hits you but does no damage.
You hit Pikel.
Pikel is moderately wounded.
Pikel says, "Slavery isn't that bad."
Pikel hits you with a whip of freezing.
* * * LOW HITPOINT WARNING * * *
Pikel freezes you.
* * * LOW HITPOINT WARNING * * *
The slave completely misses you. The slave hits you.
* * * LOW HITPOINT WARNING * * *
You hit Pikel.
Pikel is heavily wounded.
Pikel hits you with a whip of freezing.
* * * LOW HITPOINT WARNING * * *
Pikel freezes you.
* * * LOW HITPOINT WARNING * * *
The slave hits you!
You die...

####### #### #.....#
#... #.....# #...
#.....# #...
+...pp############...
#...@Kp..............
..##+###s..............
..s.S..'...............
.......#...............
......K#.......####....
.....pp#.......#..#....
..##..K#.......#..'....
. #...#.......#..#....
....#.......#..#####


You could see Pikel, 3 slaves and a scorpion.

Vanquished Creatures
  Eustachio (D:5)
  A centaur (D:5)
  2 scorpions
  A howler monkey (D:2)
  3 crimson imps
  An iron imp (D:5)
  A hound (D:4)
  A quasit (D:5)
  A centaur skeleton (D:4)
  2 orc priests
  2 orc wizards (D:3)
  Jessica (D:2)
  Ijyb (D:3)
  3 worker ants
  2 hound zombies (D:5)
  A hound skeleton (D:4)
  6 adders
  An ooze (D:2)
  4 worms
  2 dart slugs (D:1)
  5 leopard geckos
  20 orcs
  A giant cockroach (D:4)
  9 goblins
  9 hobgoblins
  10 kobolds
  3 quokkas
  A ball python (D:2)
  6 bats
  6 frilled lizards
  7 rats
114 creatures vanquished.

Notes
Turn   | Place    | Note
-------+----------+-------------------------------------------
     0 | D:1      | Lasiace the Naga Skald began the quest for the Orb.
     0 | D:1      | Reached XP level 1. HP: 19/19 MP: 3/3
   353 | D:1      | Reached XP level 2. HP: 26/26 MP: 5/5
   450 | D:1      | Learned a level 2 spell: Shroud of Golubria
  1063 | D:1      | Reached XP level 3. HP: 32/32 MP: 1/6
  1259 | D:2      | Noticed Jessica
  1273 | D:2      | Killed Jessica
  1287 | D:2      | Reached XP level 4. HP: 23/39 MP: 0/7
  1725 | D:2      | Reached XP level 5. HP: 20/45 MP: 0/8
  2207 | D:2      | Found a white marble altar of Elyvilon.
  2479 | D:2      | Found a glowing golden altar of the Shining One.
  2965 | D:3      | Noticed Ijyb
  3008 | D:3      | Killed Ijyb
  3008 | D:3      | Reached skill level 5 in Polearms
  3122 | D:3      | Reached XP level 6. HP: 41/52 MP: 1/9
  3970 | D:3      | Found a shattered altar of Ashenzari.
  3971 | D:3      | Found a hide-covered altar of Uskayaw.
  4138 | D:3      | Found a burning altar of Makhleb.
  4286 | D:3      | Found a radiant altar of Vehumet.
  4460 | D:4      | Learned a level 3 spell: Regeneration
  4466 | D:3      | Learned a level 3 spell: Spectral Weapon
  4617 | D:4      | Reached XP level 7. HP: 56/62 MP: 7/10
  5193 | D:4      | Found a staircase to the Ecumenical Temple.
  5280 | Temple   | Entered the Ecumenical Temple
  5404 | Temple   | Became a worshipper of Dithmenos the Shadowed
  5697 | D:5      | Entered Level 5 of the Dungeon
  5704 | D:5      | Noticed Eustachio
  5727 | D:5      | Killed Eustachio
  5727 | D:5      | Reached skill level 5 in Fighting
  5978 | D:5      | Reached XP level 8. HP: 73/76 MP: 6/11
  5995 | D:5      | Noticed Grinder
  6015 | D:5      | Noticed Grinder
  6015 | D:5      | Grinder changed into Grinder the iron imp
  6034 | D:5      | Killed Grinder the iron imp
  6302 | D:5      | Found a snail-covered altar of Cheibriados.
  6357 | D:5      | Found Qeriph's Gadget Shoppe.
  6443 | D:5      | Reached skill level 5 in Charms
  7001 | D:5      | Noticed Pikel
  7023 | D:5      | HP: 3/76 [Pikel/whip of freezing (4)]
  7023 | D:5      | Slain by a slave

Vault maps used:
D:1:      lemuel_arrival_rhombus, serial_forest, infiniplex_forest_clump_medium,
          infiniplex_forest_end_2, infiniplex_forest_zigzag_1,
          infiniplex_forest_lined_corner, infiniplex_forest_diagonal,
          infiniplex_forest_clump_medium, infiniplex_forest_fountain,
          infiniplex_forest_corner_2
D:2:      tso_oasis_becter, first_bread, elyvilon_altar_5, uniq_jessica
D:3:      grunt_temple_overflow_lords_of_destruction,
          nicolae_overflow_hidden_temple, uniq_ijyb
D:4:      minmay_temple_entry_trees, corexii_leaking_fountain,
          corexii_corridor_pit
D:5:      serial_shops, shop, cheibrodos_worm_habitat, uniq_eustachio,
          uniq_pikel, uniq_grinder
Temple:   regret_index_temple_waves

Skill      XL: |  1  2  3  4  5  6  7  8 |
---------------+-------------------------+-----
Charms         | 4 5 |  5.5
Polearms       | 3 4 5 6 |  6.0
Fighting       | 3 6 |  6.0
Armour         | |  0.7
Dodging        | |  1.5
Spellcasting   | |  2.0

Action                   |  1- 3 |  4- 6 |  7- 9 || total
-------------------------+-------+-------+-------++-------
Melee: Spear             |    75 |   329 |    82 ||   486
       Trident           |       |       |   187 ||   187
Throw: Stone             |       |    26 |     5 ||    31
 Cast: Infusion          |    18 |    27 |    20 ||    65
       Shroud of Golubri |       |    11 |     4 ||    15
Evoke: Wand              |       |       |     1 ||     1
  Use: Scroll            |       |     4 |     3 ||     7
  Eat: Chunk             |     1 |    10 |     5 ||    16
       Royal jelly       |       |       |     1 ||     1
Armor: Leather armour    |     1 |       |       ||     1
       Ring mail         |    11 |    61 |   140 ||   212
Dodge: Dodged            |    22 |    74 |   127 ||   223

Table legend:
 A = Spawn XP
 B = Non-spawn XP
 C = Spawn XP percentage of total XP
 D = Spawn monster count
 E = Non-spawn monster count
 F = Spawn count percentage of total count
 G = Total turns spent on level
                    A         B        C        D         E        F      G
               +---------+---------+-------+---------+---------+-------+---------
         Total |       0 |    1469 |   0.0 |       0 |     114 |   0.0 |  7023
               +---------+---------+-------+---------+---------+-------+---------
           D:1 |       0 |      41 |   0.0 |       0 |      23 |   0.0 |  1245
           D:2 |       0 |     195 |   0.0 |       0 |      18 |   0.0 |  1537
           D:3 |       0 |     295 |   0.0 |       0 |      36 |   0.0 |  1613
           D:4 |       0 |     302 |   0.0 |       0 |      22 |   0.0 |  1158
           D:5 |       0 |     636 |   0.0 |       0 |      15 |   0.0 |  1326
               +---------+---------+-------+---------+---------+-------+---------
